 Dungeon Crawl Stone Soup version 0.31-a0-618-g7ca08c1ff9 (webtiles) character file.

Game seed: 12156415270746577840

32557 KarmaKiller the Basher (level 13, -5/126 HPs)
             Began as a Gargoyle Berserker on Aug 21, 2023.
             Was a High Priest of Trog.
             Killed from afar by an ice dragon (42 damage)
             ... with a blast of cold
             ... on level 14 of the Dungeon on Aug 22, 2023.
             The game lasted 01:32:12 (15469 turns).

KarmaKiller the Basher (Gargoyle Berserker)        Turns: 15469, Time: 01:32:12

Health: -5/126     AC: 36    Str: 25    XL:     13   Next: 65%
Magic:  13/13      EV: 11    Int:  9    God:    Trog [*****.]
Gold:   531        SH:  6    Dex: 15    Spells: 12/12 levels left

rFire   . . .        t - +4 flail (drain)
rCold   . . .        i - +0 buckler
rNeg    + . .        j - +8 chain mail {ponderous}
rPois   ∞            (helmet restricted)
rElec   +            c - +2 cloak
rCorr   .            v - +0 pair of gloves
SInv    .            z - +0 pair of boots
Will    ++...        (no amulet) Stlth
                     a - ring of willpower
HPRegen 0.41/turn    p - +6 ring of dexterity
MPRegen 0.13/turn

%: random rage (3%)
@: berserking (expiring), very quick
A: sickness immunity, AC +9, negative energy resistance 1, electricity
resistance, torment resistance 1, petrification resistance, antennae 1, claws 1,
berserk 1, strong-willed 1, sense surroundings 1
a: Renounce Religion, Berserk, Trog's Hand, Brothers in Arms


You were on level 14 of the Dungeon.
You worshipped Trog.
Trog was extremely pleased with you.
You visited 1 branch of the dungeon, and saw 14 of its levels.

You collected 769 gold pieces.
You spent 238 gold pieces at shops.

Inventory:

Hand Weapons
 e - a +1 whip of flaming
 f - a +0 dagger of pain
 l - a +3 dagger
 t - a +4 flail of draining (weapon)
 u - a +2 short sword of freezing
 y - the +5 whip "Stringbean" {pain, rF+ rC+ Dex+2}
   (You found it on level 7 of the Dungeon)

   Dex+2:     It affects your dexterity (+2).
   rF+:       It protects you from fire.
   rC+:       It protects you from cold.
 C - a +2 scimitar of flaming
 D - a +1 halberd
 L - a +0 long sword of flaming
 N - a +1 hand axe of freezing
 O - a +3 dagger of venom
 P - a +0 morningstar of holy wrath
Armour
 c - a +2 cloak (worn)
 i - a +0 buckler (worn)
 j - a +8 chain mail of ponderousness (worn)
 s - a scarf of shadows
 v - a +0 pair of gloves (worn)
 z - a +0 pair of boots (worn)
 E - a +2 animal skin
 J - a +0 plate armour
Jewellery
 a - a ring of willpower (left hand)
 p - a +6 ring of dexterity (right hand)
Talismans
 F - a blade talisman
 H - a flux talisman
Wands
 n - a wand of mindburst (5)
 r - a wand of paralysis (7)
 A - a wand of acid (15)
Scrolls
 b - 6 scrolls of identify
 h - a scroll of fog {unknown}
 m - 2 scrolls of teleportation
 w - a scroll of poison
 x - 4 scrolls of silence
 B - a scroll of butterflies
 K - a scroll of fear
Potions
 d - 3 potions of cancellation
 g - a potion of curing
 k - a potion of berserk rage
 q - a potion of invisibility
 G - a potion of mutation
 I - a potion of enlightenment
Miscellaneous
 o - a box of beasts


   Skills:
 + Level 11.5 Fighting
 + Level 14.7 Maces & Flails
 + Level 0.4(9.5) Staves
 + Level 11.0 Armour
 + Level 5.5 Dodging
 + Level 2.6 Stealth
 + Level 8.8 Shields
 + Level 3.4 Unarmed Combat
 + Level 1.1 Evocations


You had 12 spell levels left.
You didn't know any spells.
Your spell library was empty.

Dungeon Overview and Level Annotations

Branches:
Dungeon (14/15)            Temple (0/1) D:7            Lair (0/5) D:10
    Orc (0/2) D:12         Vaults (0/5) D:14

Altars:
Ashenzari
Cheibriados
Dithmenos
Elyvilon
Fedhas
Qazlal

Shops:
D:4 [   D:6 ?   D:12 *

Annotations:
D:13 3 runed translucent doors, Voamoran's ghost, journeyman DrSh


Innate Abilities, Weirdness & Mutations

You are immune to sickness and miasma.
Your stone body is resilient. (AC +9)
You are immune to poison.
You resist negative energy. (rN+)
You are resistant to electric shocks. (rElec)
You are resistant to unholy torment.
You are immune to petrification.
You have a pair of small antennae on your head.
You have sharp fingernails.
You sometimes lose your temper in combat.
You are strong-willed. (Will+)
You passively map a small area around you.


Message History

The freezing wraith hits you but does no damage.
You block the freezing wraith's attack.
You barely miss the tengu warrior.
The tengu warrior is severely wounded.
The sentinel's mark upon you fades away.
The +9 long sword closely misses you.
The tengu warrior hits you but does no damage.
The tengu warrior pecks you but does no damage.
You block the tengu warrior's attack. The tengu warrior closely misses you.
The tengu warrior pecks you. You block the tengu warrior's attack.
You bludgeon the tengu warrior!!
You kill the tengu warrior!
Trog accepts your kill.
The +9 long sword hits you but does no damage.
The freezing wraith closely misses you.
The freezing wraith hits you but does no damage.
You bludgeon the efreet!!
The efreet is heavily wounded.
The +9 long sword hits you! The tengu warrior misses you.
The tengu warrior pecks you but does no damage.
The tengu warrior closely misses you.
You barely miss the efreet.
The efreet is heavily wounded.
The ice dragon is engulfed in blazing flames.
The freezing wraith misses you. The freezing wraith closely misses you.
The efreet hits you but does no damage.
The +9 long sword hits you but does no damage.
You hit the efreet.
The efreet is heavily wounded.
The tengu warrior hits you but does no damage.
You block the tengu warrior's attack. The tengu warrior closely misses you.
You barely miss the efreet.
The efreet is heavily wounded.
The +9 long sword hits you.
* * * LOW HITPOINT WARNING * * *
You block the freezing wraith's attack.
The freezing wraith hits you but does no damage.
The ice dragon breathes frost at you. The blast of cold hits you!!!
You die...

, , , , , ,, * , . , ...○
###### , , #...#######....,,
, ..........#...# , , ,
..........#...# , ,
.......°Q(#...# ,,
.......○R@#...# ...*
........D.W...# .....#
..........#...# .....# <,
..........#...# .....# ,,
,..........#...##.....#
##################...........
.............................
*
..####........######.........
..# #...#....# #.........


You could see an ice dragon (catching breath), a tengu warrior, a freezing
wraith, an efreet and a +9 long sword.

Vanquished Creatures
  Frances (D:12)
  Snorg (D:10)
  Josephine (D:12)
  2 hydras (D:14)
  2 centaur warriors
  4 two-headed ogres
  A boulder beetle (D:11)
  2 tengu warriors (D:14)
  5 death yaks (D:10)
  A deep elf pyromancer (D:12)
  2 ugly things (D:11)
  A cyclops (D:13)
  4 manticores
  Maurice (D:10)
  2 unseen horrors
  4 gargoyles (D:12)
  A komodo dragon (D:12)
  2 efreet
  3 tengu conjurers
  A troll (D:9)
  A tarantella (shapeshifter) (D:13)
  A hornet (D:10)
  A blink frog (shapeshifter) (D:13)
  Sigmund (D:6)
  17 slime creatures
  4 wraiths
  A vampire (D:11)
  16 yaks
  A wyvern (D:7)
  Grum (D:9)
  A steam dragon (D:9)
  3 basilisks
  8 vampire mosquitoes
  3 acid dragons
  3 water moccasins
  3 ice beasts
  10 orc warriors
  2 black bears
  5 ogres
  3 wolves (D:9)
  5 centaurs
  3 kobold brigands
  A scorpion (D:7)
  A bullfrog (D:8)
  5 wights (D:9)
  8 killer bees (D:8)
  4 howler monkeys
  3 hounds
  11 orc priests
  A gnoll bouda (D:8)
  4 jellies
  3 iguanas
  10 orc wizards
  5 sleepcaps
  A boggart simulacrum (D:14)
  8 adders
  5 gnolls (D:8)
  A shadow imp (D:6)
  2 white imps
  2 ufetubi
  3 worms
  5 dart slugs
  47 orcs
  9 ball pythons
  6 endoplasms
  2 giant cockroaches
  8 goblins
  6 hobgoblins
  3 quokkas
  3 bats (D:3)
  7 frilled lizards
  25 kobolds
  4 rats (D:1)
337 creatures vanquished.

Vanquished Creatures (others)
  A dancing weapon (D:14)
1 creature vanquished.

Grand Total: 338 creatures vanquished

Notes
Turn   | Place    | Note
-------+----------+-------------------------------------------
     0 | D:1      | KarmaKiller the Gargoyle Berserker began the quest for the
                  | Orb.
     0 | D:1      | Reached XP level 1. HP: 14/14 MP: 1/1
   190 | D:1      | Reached XP level 2. HP: 17/19 MP: 2/2
   495 | D:1      | You fall into a shaft and drop 1 floor!
   742 | D:1      | Reached XP level 3. HP: 23/23 MP: 3/3
  1530 | D:2      | Reached skill level 1 in Maces & Flails
  1530 | D:2      | Reached XP level 4. HP: 24/29 MP: 4/4
  1559 | D:2      | Noticed an ogre
  1569 | D:2      | Killed an ogre
  1570 | D:2      | Reached skill level 2 in Maces & Flails
  1570 | D:2      | Reached XP level 5. HP: 33/33 MP: 5/5
  2052 | D:2      | Gained mutation: You have hidden genetic potential. [potion
                  | of mutation]
  2052 | D:2      | Gained mutation: You sometimes lose your temper in combat.
                  | [potion of mutation]
  2052 | D:2      | Gained mutation: You passively map a small area around you.
                  | [potion of mutation]
  2236 | D:3      | Reached ** piety under Trog
  2275 | D:3      | Reached skill level 1 in Shields
  3054 | D:3      | Reached skill level 3 in Maces & Flails
  3572 | D:4      | Reached XP level 6. HP: 38/38 MP: 6/6
  3605 | D:4      | Gained mutation: You have a pair of small antennae on your
                  | head. [hidden potential]
  3620 | D:4      | Reached skill level 1 in Stealth
  3890 | D:4      | Found Titus's Antique Armour Shop.
  3903 | D:4      | Bought a runed chain mail for 172 gold pieces
  4066 | D:4      | Reached XP level 7. HP: 40/44 MP: 7/7
  4398 | D:5      | Entered Level 5 of the Dungeon
  4569 | D:5      | Found a broken altar of Ashenzari.
  4611 | D:5      | Reached skill level 4 in Maces & Flails
  4624 | D:5      | Gained mutation: You have great hidden genetic potential.
                  | [hidden potential]
  4624 | D:5      | Lost mutation: You have great hidden genetic potential.
                  | [hidden potential expressed]
  4897 | D:5      | Reached skill level 5 in Maces & Flails
  5613 | D:6      | Reached XP level 8. HP: 48/48 MP: 8/8
  5641 | D:6      | Reached *** piety under Trog
  5652 | D:6      | Gained mutation: You have sharp fingernails. [hidden
                  | potential]
  5686 | D:6      | Found Loex's Magic Scroll Shop.
  5695 | D:6      | Bought a scroll of identify for 22 gold pieces
  5695 | D:6      | Bought a scroll of identify for 22 gold pieces
  5695 | D:6      | Bought a scroll of identify for 22 gold pieces
  5709 | D:6      | Reached skill level 5 in Fighting
  5709 | D:6      | Reached skill level 6 in Maces & Flails
  5848 | D:6      | Noticed Sigmund
  5858 | D:6      | Reached skill level 5 in Armour
  5862 | D:6      | Killed Sigmund
  5867 | D:6      | Reached skill level 7 in Maces & Flails
  5937 | D:6      | Reached XP level 9. HP: 55/55 MP: 9/9
  6085 | D:6      | Gained mutation: You are strong-willed. (Will+) [hidden
                  | potential]
  6085 | D:6      | Lost mutation: You have hidden genetic potential. [hidden
                  | potential expressed]
  6634 | D:7      | Reached skill level 8 in Maces & Flails
  6680 | D:7      | Found a staircase to the Ecumenical Temple.
  7207 | D:7      | Identified the +5 whip "Stringbean" {pain, rF+ rC+ Dex+2}
  7670 | D:8      | Found a shadowy altar of Dithmenos.
  7670 | D:8      | Found a stormy altar of Qazlal.
  7672 | D:8      | Found a snail-covered altar of Cheibriados.
  7672 | D:8      | Found a white marble altar of Elyvilon.
  7959 | D:8      | Reached **** piety under Trog
  8502 | D:9      | Reached skill level 9 in Maces & Flails
  8502 | D:9      | Reached skill level 5 in Shields
  8502 | D:9      | Reached XP level 10. HP: 61/61 MP: 10/10
  8593 | D:9      | Found a blossoming altar of Fedhas.
  8607 | D:9      | Noticed Grum
  8621 | D:9      | Killed Grum
  9332 | D:9      | Killed an unseen horror
  9333 | D:9      | Reached skill level 10 in Maces & Flails
  9710 | D:10     | Entered Level 10 of the Dungeon
  9710 | D:10     | Noticed a death yak
  9710 | D:10     | Noticed a death yak
  9710 | D:10     | Noticed a death yak
  9710 | D:10     | Found a staircase to the Lair.
  9711 | D:10     | Noticed a death yak
  9711 | D:10     | Noticed a death yak
  9847 | D:10     | Noticed Snorg
  9847 | D:10     | Noticed Maurice
  9848 | D:10     | Noticed a two-headed ogre
  9866 | D:10     | Killed Snorg
  9867 | D:10     | Reached XP level 11. HP: 41/69 MP: 11/11
  9872 | D:10     | Killed a two-headed ogre
  9873 | D:10     | Reached skill level 11 in Maces & Flails
  9896 | D:10     | Killed Maurice
 10150 | D:10     | Killed a death yak
 10180 | D:10     | Noticed a two-headed ogre
 10212 | D:10     | Killed a two-headed ogre
 10250 | D:10     | Upgraded the game from 0.31-a0-609-g7bf6ffcfed to
                  | 0.31-a0-618-g7ca08c1ff9
 10758 | D:10     | Killed a death yak
 10771 | D:10     | Killed a death yak
 10780 | D:10     | Killed a death yak
 10781 | D:10     | Reached skill level 12 in Maces & Flails
 10785 | D:10     | Killed a death yak
 10796 | D:10     | Reached skill level 1 in Evocations
 11036 | D:11     | Noticed a green ugly thing
 11044 | D:11     | Killed a green ugly thing
 11127 | D:11     | Noticed a white ugly thing
 11134 | D:11     | Killed a white ugly thing
 11135 | D:11     | Reached XP level 12. HP: 76/76 MP: 12/12
 11359 | D:11     | Noticed a boulder beetle
 11375 | D:11     | Killed a boulder beetle
 11539 | D:11     | Noticed a two-headed ogre
 11548 | D:11     | Killed a two-headed ogre
 11663 | D:12     | Noticed a two-headed ogre
 11672 | D:12     | Killed a two-headed ogre
 11856 | D:12     | Reached skill level 13 in Maces & Flails
 12259 | D:12     | Found a staircase to the Orcish Mines.
 12338 | D:12     | Noticed Frances
 12354 | D:12     | Killed Frances
 12510 | D:12     | Reached skill level 10 in Fighting
 12650 | D:12     | Found Juri's Pet Rocks.
 12738 | D:12     | Noticed Josephine
 12755 | D:12     | Killed Josephine
 13107 | D:12     | Reached skill level 14 in Maces & Flails
 13552 | D:13     | Reached XP level 13. HP: 83/83 MP: 13/13
 13571 | D:13     | Reached skill level 5 in Dodging
 13755 | D:13     | Reached ***** piety under Trog
 14240 | D:13     | Reached skill level 10 in Armour
 14261 | D:13     | Found a runed translucent gate.
 14263 | D:13     | Found a runed translucent gate.
 14264 | D:13     | Found a runed translucent gate.
 14266 | D:13     | Noticed Voamoran's ghost (journeyman DrSh)
 15065 | D:14     | Found a gate to the Vaults.
 15453 | D:14     | Noticed an ice dragon
 15469 | D:14     | Killed from afar by an ice dragon

Illustrated notes

Levels and vault maps discovered:
D:1:      eino_arrival_water_cross, layout_loops_corners,
          lexackson_kobold_supper
D:2:      layout_loops_ring, serial_glass, glass_columns_b, glass_columns_c
D:3:      minmay_octagon_keep, layout_basic
D:4:      layout_loops_ring, serial_shops, nicolae_shop_crystal
D:5:      layout_basic, lemuel_crystal_altar, kennysheep_nondescript,
          serial_park_tiny_1, dk_vineyard_3
D:6:      layout_cave_pools, serial_shops, nicolae_shop_behind_doors,
          uniq_sigmund
D:7:      layout_basic, minmay_temple_entry_sparse_star
D:8:      layout_gridville, mainiacjoe_overflow_alcove_3
D:9:      layout_basic, old_standard_altar, uniq_grum
D:10:     layout_roguey, dpeg_lair_monsters, uniq_snorg, uniq_maurice
D:11:     layout_roguey
D:12:     layout_roguey, david_orc_5, minmay_misc_feat_five,
          guppyfry_shop_earth, uniq_frances, uniq_josephine
D:13:     layout_gridville, gammafunk_ghost_nasty_kobolds
D:14:     layout_stronghold, erik_vaults_1, chequers_serial_rivers_micro_a,
          portal_ice_cave_entry_dragon, nicolae_wand_duel

Skill      XL: |  1  2  3  4  5  6  7  8  9 10 11 12 13 |
---------------+----------------------------------------+-----
Dodging        | 2 3 4 5 |  5.5
Maces & Flails | 1 2 3 5 7 9 10 12 14 | 14.7
Fighting       | 4 5 6 8 9 10 11 | 11.5
Shields        | 1 2 3 5 6 7 8 |  8.8
Armour         | 3 4 5 6 7 8 9 11 | 11.0
Stealth        | 1 2 |  2.6
Evocations     | 1 |  1.1
Staves         | |  0.4
Unarmed Combat | |  3.4

Action                     |  1- 3 |  4- 6 |  7- 9 | 10-12 | 13-15 || total
---------------------------+-------+-------+-------+-------+-------++-------
  Melee: Whip              |   106 |   146 |    81 |       |       ||   333
         Quarterstaff      |     8 |       |       |       |       ||     8
         Flail             |       |       |   221 |   574 |   202 ||   997
 Invoke: Berserk           |     2 |     3 |    11 |    22 |     5 ||    43
         Trog's Hand       |       |       |       |     2 |       ||     2
         Brothers in Arms  |       |       |       |     1 |       ||     1
  Evoke: Wand              |       |       |       |     1 |       ||     1
    Use: Scroll            |       |     7 |    11 |     8 |     1 ||    27
         Potion            |       |     7 |     1 |     6 |     1 ||    15
 Armour: Animal skin       |    17 |       |       |       |       ||    17
         Scale mail        |    23 |     5 |       |       |       ||    28
         Chain mail        |       |    60 |   285 |   350 |   187 ||   882
  Dodge: Dodged            |    52 |    53 |   189 |   197 |   118 ||   609
  Block: Buckler           |    17 |    15 |   107 |   138 |    75 ||   352

Table legend: (Time is in decaauts)
 A = Elapsed time spent in this place.
 B = Non-inter-level travel time spent in this place.
 C = Inter-level travel time spent in this place.
 D = Time resting spent in this place.
 E = Time spent auto-exploring this place.
 F = Levels seen in this place.
 G = Mean time per level.
                   A        B        C        D        E       F      G
               +--------+--------+--------+--------+--------+-----+--------+
         Total |  16581 |  16262 |    319 |   3811 |      0 |  14 | 1184.4 |
       Dungeon |  16581 |  16262 |    319 |   3811 |      0 |  14 | 1184.4 |
               +--------+--------+--------+--------+--------+-----+--------+

Top non-repeatable levels by time:
    D:12: 1997 daAuts
    D:13: 1625 daAuts
     D:9: 1515 daAuts
     D:3: 1354 daAuts
     D:5: 1351 daAuts
     D:1: 1298 daAuts
     D:8: 1233 daAuts
    D:10: 1151 daAuts
     D:7: 1119 daAuts
     D:2: 924 daAuts
     D:4: 922 daAuts
    D:11: 861 daAuts
     D:6: 809 daAuts
    D:14: 418 daAuts
